Map: [ESL] Goldenaura

Players

SKillous - Winner!

  • Race: Protoss Protoss
  • Spawn Location: 12:00

Spatz

  • Race: Protoss Protoss
  • Spawn Location: 5:00

Event: ESL SC2 Masters 2024 Spring (Regional)

VOD

Have the link to the VOD?

Description

Time

  • Played on: April 11, 2024, 10:01 a.m.
  • Length: 9:48

All games in this series

Show
View Real Time Build Order
Export as new Build Order

SKillous Protoss - Winner!

Build Orders:  

Get SALT Encoding   

  12  0:00  Probe  
  13  0:12  Probe  
  14  0:17  Pylon  
  14  0:24  Probe (Chrono Boost)  
  15  0:36  Probe (Chrono Boost), Gateway  
  16  0:44  Probe (Chrono Boost)  
  16  0:45  Assimilator  
  17  0:51  Probe  
  17  0:54  Assimilator  
  18  1:03  Probe (Chrono Boost)  
  19  1:09  Gateway  
  20  1:12  Probe (Chrono Boost)  
  20  1:17  Probe (Chrono Boost)  
  20  1:24  Cybernetics Core  
  21  1:29  Probe  
  22  1:34  Pylon  
  22  1:41  Probe  
  23  1:53  Probe  
  24  2:00  Stalker  
  24  2:01  Stalker  
  28  2:02  Warp Gate  
  28  2:05  Probe  
  29  2:10  Pylon  
  29  2:19  Pylon  
  29  2:20  Probe  
  30  2:30  Stalker  
  30  2:35  Stalker  
  34  2:40  Stargate  
  34  2:48  Pylon  
  34  2:51  Probe  
  34  3:03  Probe  
  35  3:08  Shield Battery  
  35  3:15  Probe  
  35  3:19  Pylon, Gateway  
  36  3:27  Probe  
  39  3:34  Void Ray (Chrono Boost)  
  39  3:44  Pylon  
  37  3:50  Stalker x2  
  41  4:08  Void Ray (Chrono Boost)  
  43  4:16  Stalker x2  
  47  4:23  Stalker  
  49  4:30  Pylon  
  49  4:41  Stalker  
  49  4:42  Stalker  
  53  4:51  Stalker  
  55  4:59  Pylon  
  47  5:30  Robotics Facility  
  41  5:39  Stalker x3  
  47  5:43  Pylon  
  47  5:53  Probe  
  47  5:55  Nexus  
  48  6:05  Pylon  
  48  6:10  Probe  
  49  6:14  Immortal (Chrono Boost)  
  49  6:18  Sentry  
  55  6:22  Probe  
  56  6:29  Phoenix, Shield Battery  
  56  6:34  Probe  
  57  6:44  Immortal (Chrono Boost)  
  61  6:48  Probe  
  61  6:53  Sentry  
  64  7:00  Probe  
  65  7:08  Stalker  
  69  7:18  Stalker  
  69  7:19  Shield Battery  
  69  7:21  Shield Battery  
  69  7:24  Pylon  
  69  7:33  Immortal (Chrono Boost)  
  73  7:42  Shield Battery  
  73  7:45  Stalker  
  73  7:49  Stalker  
  77  8:00  Observer (Chrono Boost)  
  76  8:10  Stalker  
  76  8:11  Zealot  
  76  8:12  Probe x2  
  82  8:14  Assimilator  
  82  8:21  Stalker  
  82  8:24  Probe x2  
  82  8:25  Assimilator  
  82  8:26  Pylon  
  84  8:28  Observer  
  84  8:36  Probe  
  84  8:37  Probe  
  84  8:40  Stalker  
  84  8:41  Stalker  
  70  8:49  Probe  
  70  8:57  Immortal (Chrono Boost)  
  70  9:01  Zealot  
  75  9:04  Zealot, Stalker  
  79  9:11  Gateway  
  79  9:25  Stalker  
  79  9:29  Stalker  
  87  9:35  Stalker  
Show
View Real Time Build Order
Export as new Build Order

Spatz Protoss 

Build Orders:  

Get SALT Encoding   

  12  0:01  Probe  
  13  0:13  Probe  
  14  0:17  Pylon  
  14  0:25  Probe (Chrono Boost)  
  15  0:37  Probe (Chrono Boost)  
  15  0:38  Gateway  
  16  0:43  Probe (Chrono Boost)  
  16  0:47  Assimilator  
  17  0:51  Probe  
  17  0:55  Assimilator  
  18  1:03  Probe (Chrono Boost)  
  19  1:08  Gateway  
  19  1:13  Probe (Chrono Boost)  
  19  1:18  Probe (Chrono Boost)  
  21  1:26  Cybernetics Core  
  21  1:30  Probe  
  22  1:37  Pylon  
  22  1:42  Probe  
  24  2:03  Robotics Facility, Adept  
  24  2:04  Adept  
  24  2:07  Warp Gate (Chrono Boost), Probe  
  28  2:17  Pylon  
  28  2:33  Stalker  
  28  2:34  Stalker  
  31  2:46  Shield Battery  
  35  2:59  Pylon  
  35  3:03  Immortal (Chrono Boost)  
  35  3:06  Pylon  
  35  3:15  Shield Battery  
  33  3:36  Probe  
  33  3:37  Warp Prism  
  34  3:51  Stalker x2  
  38  3:58  Gateway  
  34  4:21  Stalker x2  
  36  4:30  Shield Battery  
  36  4:34  Pylon  
  36  4:49  Pylon  
  36  4:54  Stalker  
  38  5:00  Pylon  
  38  5:15  Pylon  
  38  5:21  Stalker x2  
  38  5:22  Stalker  
  36  5:40  Twilight Council  
  36  5:41  Shield Battery  
  32  5:45  Stalker  
  34  5:51  Stalker x2  
  38  6:09  Stalker  
  40  6:14  Stalker, Blink (Chrono Boost)  
  40  6:15  Stalker  
  44  6:43  Stalker x3  
  50  7:03  Pylon  
  50  7:18  Observer (Chrono Boost)  
  50  7:21  Stalker x3  
  57  7:26  Pylon  
  56  7:46  Stalker x3  
  62  8:17  Observer, Stalker x3  
  45  8:53  Stalker x3  
  51  9:03  Observer (Chrono Boost), Dark Shrine  
  51  9:15  Probe  
  50  9:27  Probe  
  50  9:30  Observer (Chrono Boost)  
Tags
 
Add a new tag
Caveats
  • Supply blocks, unpowered buildings, or Contaminate may cause inaccurate times.
  • Supply counts are checked every 10 seconds.